 Dungeon Crawl Stone Soup version 0.31-a0-691-g409c26aa35 (webtiles) character file.

Game seed: 7466089442644226885

1402 Dirtsage the Grappler (level 8, -2/78 HPs)
             Began as a Troll Shapeshifter on Sept 6, 2023.
             Killed by divine providence
             ... invoked by an orc priest
              (11 damage)
             ... on level 6 of the Dungeon.
             The game lasted 00:06:59 (3758 turns).

Dirtsage the Grappler (Troll Shapeshifter)          Turns: 3758, Time: 00:07:00

Health: -2/78      AC:  4    Str: 23    XL:     8   Next: 42%
Magic:  7/7        EV:  9    Int:  6    God:
Gold:   238        SH:  0    Dex: 11    Spells: 7/7 levels left

rFire   . .          .
                       - Unarmed
rCold   . . .        (no shield)
rNeg    . . .        a - +0 animal skin
rPois   .            (helmet currently unavailable)
rElec   .            (cloak currently unavailable)
rCorr   .            (gloves unavailable)
SInv    .            (boots unavailable)
Will    .....        h - amulet of faith
Stlth   +            (no ring)
HPRegen 1.13/turn    (no ring)
MPRegen 0.10/turn

%: faith
@: beast-form
A: beast (slay +3), large, unfitting armour, claws 3, regeneration 1, shaggy fur
1, tough skin 1
a: Begin Untransformation


You were on level 6 of the Dungeon.
You were a hulking beast.
You visited 1 branch of the dungeon, and saw 6 of its levels.

You collected 256 gold pieces.
You spent 18 gold pieces at shops.

Inventory:

Armour
 a - a +0 animal skin (worn)
Jewellery
 h - an amulet of faith (around neck)
Talismans
 c - a beast talisman (active)
 d - a flux talisman
Wands
 s - a wand of charming (9)
 D - a wand of digging (3)
Scrolls
 g - 2 scrolls of poison
 i - 2 scrolls of identify
 k - 3 scrolls of teleportation {unknown}
 n - a scroll of fog
 o - a scroll of immolation
 q - a scroll of revelation
 u - a scroll of silence {unknown}
 B - a scroll of blinking
Potions
 b - 3 potions of lignification
 e - 2 potions of curing {unknown}
 f - a potion of heal wounds {unknown}
 j - a potion of berserk rage {unknown}
 l - a potion of might {unknown}
 m - a potion of attraction {unknown}
 p - a potion of invisibility {unknown}
 r - 2 potions of resistance {unknown}
 t - a potion of enlightenment {unknown}


   Skills:
 + Level 4.2 Fighting
 - Level 1.5 Dodging
 * Level 8.0 Unarmed Combat
 + Level 5.6 Shapeshifting


You had 7 spell levels left.
You didn't know any spells.
Your spell library contained the following spells:

 Spells                   Type           Power      Damage    Failure   Level
 Shock                    Conj/Air       0%         1d3       45%         1
 Summon Small Mammal      Summ           0%         N/A       45%         1
 Call Canine Familiar     Summ           0%         N/A       83%         3
 Summon Guardian Golem    Hex/Summ       0%         N/A       83%         3
 Swiftness                Air            0%         N/A       83%         3
 Airstrike                Air            0%         2d(0-16)  99%         4


Dungeon Overview and Level Annotations

Branches:
Dungeon (6/15)             Temple (0/1) D:6

Altars:

Shops:
D:6 *

Annotations:
D:6 Prince Ribbit


Innate Abilities, Weirdness & Mutations

You are a hulking beast.
Your limbs bulge with bestial killing power. (Slay +3)
You are too large for most types of armour.
You have claws for hands.
Your natural rate of healing is unusually fast.
You are covered in fur. (AC +1)
You have tough skin. (AC +1)


Message History

You scratch the orc.
The orc is heavily wounded.
The orc priest calls down the wrath of Beogh upon you.
Beogh smites you!
You take 9 damage, and have 69/78 hp.
You completely miss the orc.
The orc is heavily wounded.
The orc barely misses you.
You closely miss the orc.
The orc is heavily wounded.
The orc hits you with a +0 hand axe.
You take 4 damage, and have 66/78 hp.
You mangle the orc!!
You kill the orc!
You closely miss Prince Ribbit. Prince Ribbit hits you!!
You take 17 damage, and have 50/78 hp.
MASSIVE DAMAGE!!
You scratch Prince Ribbit.
Prince Ribbit is lightly wounded.
Prince Ribbit hits you! Prince Ribbit hits you!!
* * * LOW HITPOINT WARNING * * *
You take 27 damage, and have 23/78 hp.
MASSIVE DAMAGE!!
You mangle Prince Ribbit!!
Prince Ribbit is severely wounded.
Prince Ribbit hits you!
* * * LOW HITPOINT WARNING * * *
You take 10 damage, and have 13/78 hp.
You miss Prince Ribbit.
Prince Ribbit is severely wounded.
Prince Ribbit hits you!
* * * LOW HITPOINT WARNING * * *
You take 7 damage, and have 6/78 hp.
You barely miss Prince Ribbit.
Prince Ribbit is severely wounded.
Prince Ribbit blinks!
You mangle the orc!!
You kill the orc!
Prince Ribbit blinks!
The orc priest calls down the wrath of Beogh upon you.
Beogh smites you!
You die...

## ... #####..
####..... ####
#......#
.....###..§..o#
...........o.F#######
....o.o.....##h.....#
###........$##......#
...........##...##..#
........####∩...∩####
##......## #.....#
#.####...##∩.⌠.∩# ...
.......#.....# ##
.......#∩...∩#
.......##...####


You could see Prince Ribbit, an orc priest and an orc.

Vanquished Creatures
  Duvessa (D:5)
  2 ice beasts (D:5)
  2 ogres
  2 phantoms
  3 scorpions (D:5)
  Dowan (D:5)
  3 hounds
  3 jellies
  An orc priest (D:5)
  2 sleepcaps (D:5)
  An iguana (D:5)
  3 orc wizards
  8 gnolls
  5 adders
  4 worms
  A dart slug (D:2)
  8 orcs
  6 bats
  8 endoplasms
  4 giant cockroaches
  7 goblins
  6 hobgoblins
  4 jackals (D:3)
  7 kobolds
  8 quokkas
  A ball python (D:1)
  3 frilled lizards
  2 rats (D:3)
106 creatures vanquished.

Notes
Turn   | Place    | Note
-------+----------+-------------------------------------------
     0 | D:1      | Dirtsage the Troll Shapeshifter began the quest for the
                  | Orb.
     0 | D:1      | Reached XP level 1. HP: 18/18 MP: 0/0
   112 | D:1      | Reached skill level 1 in Fighting
   255 | D:1      | Reached XP level 2. HP: 23/27 MP: 1/1
   834 | D:2      | Reached XP level 3. HP: 17/33 MP: 2/2
   838 | D:2      | Reached skill level 4 in Unarmed Combat
  1020 | D:2      | Reached XP level 4. HP: 37/41 MP: 3/3
  1459 | D:3      | Reached XP level 5. HP: 47/49 MP: 4/4
  2053 | D:4      | Noticed a phantom
  2068 | D:4      | Killed a phantom
  2069 | D:4      | Reached skill level 5 in Unarmed Combat
  2252 | D:4      | Reached XP level 6. HP: 52/59 MP: 5/5
  2954 | D:5      | Entered Level 5 of the Dungeon
  3001 | D:5      | Reached skill level 6 in Unarmed Combat
  3001 | D:5      | Reached XP level 7. HP: 66/67 MP: 6/6
  3125 | D:5      | Noticed Dowan
  3128 | D:5      | Noticed Duvessa
  3162 | D:5      | Killed Duvessa
  3193 | D:5      | Killed Dowan
  3275 | D:5      | Reached skill level 5 in Shapeshifting
  3280 | D:5      | Reached skill level 7 in Unarmed Combat
  3352 | D:5      | Reached XP level 8. HP: 76/78 MP: 7/7
  3711 | D:6      | Found a staircase to the Ecumenical Temple.
  3713 | D:6      | Found Omar's CLEARANCE SALE!.
  3716 | D:6      | Reached skill level 8 in Unarmed Combat
  3725 | D:6      | Bought a potion of lignification for 18 gold pieces
  3736 | D:6      | Noticed Prince Ribbit
  3758 | D:6      | Killed from afar by an orc priest

Illustrated notes

Levels and vault maps discovered:
D:1:      matt_arrival_debris, layout_loops_ring, hangedman_decor_points,
          roderic_roman_lattice, wad_floor_pattern_2
D:2:      layout_loops_ring, minmay_misc_feat_nine_boxes
D:3:      layout_loops_ring
D:4:      layout_loops_corners, serial_aquarium, aquarium_bridge_square
          [aquarium_subvault_wall, aquarium_subvault_bridge,
          aquarium_subvault_window, aquarium_subvault_wall],
          aquarium_bridge_straight [aquarium_subvault_bridge,
          aquarium_subvault_window, aquarium_subvault_bridge,
          aquarium_subvault_balcony], aquarium_window_2, aquarium_window_corner,
          aquarium_view_2f, aquarium_view_2b, aquarium_balcony_1b
D:5:      layout_cave_pools, nicolae_twisty_statue_hallways, uniq_duvessa
D:6:      layout_basic, minmay_temple_entry_statues_fountains,
          nicolae_shop_clearance, uniq_prince_ribbit1, uniq_crazy_yiuf_cottage

Skill      XL: |  1  2  3  4  5  6  7  8 |
---------------+-------------------------+-----
Fighting       | 1 2 3 4 |  4.2
Unarmed Combat | 4 5 6 7 8 |  8.0
Shapeshifting  | 4 5 |  5.6
Dodging        | |  1.5

Action                     |  1- 3 |  4- 6 |  7- 9 || total
---------------------------+-------+-------+-------++-------
  Melee: Unarmed           |    76 |   129 |    86 ||   291
         Punch             |       |     1 |     3 ||     4
    Use: Scroll            |       |     5 |       ||     5
   Stab: Sleeping          |       |     2 |     1 ||     3
 Armour: Animal skin       |    44 |    67 |    55 ||   166
  Dodge: Dodged            |    32 |    38 |    25 ||    95

Table legend: (Time is in decaauts)
 A = Elapsed time spent in this place.
 B = Non-inter-level travel time spent in this place.
 C = Inter-level travel time spent in this place.
 D = Time resting spent in this place.
 E = Time spent auto-exploring this place.
 F = Levels seen in this place.
 G = Mean time per level.
                   A        B        C        D        E       F      G
               +--------+--------+--------+--------+--------+-----+--------+
         Total |   3731 |   3656 |     75 |     67 |   2976 |   6 |  621.8 |
       Dungeon |   3731 |   3656 |     75 |     67 |   2976 |   6 |  621.8 |
               +--------+--------+--------+--------+--------+-----+--------+

Top non-repeatable levels by time:
     D:4: 1011 daAuts
     D:1: 727 daAuts
     D:2: 663 daAuts
     D:5: 629 daAuts
     D:3: 573 daAuts
     D:6: 125 daAuts
